 Dungeon Crawl Stone Soup version 0.28-a0-1389-gc726bef33b (webtiles) character file.

Game seed: 491647654650860485

4486 flotson the Skirmisher (level 10, -3/77 HPs)
             Began as a Demonspawn Gladiator on Jan 3, 2022.
             Was an Initiate of Gozag.
             Slain by Erica (14 damage)
             ... on level 7 of the Dungeon.
             The game lasted 00:16:03 (9235 turns).

flotson the Skirmisher (Demonspawn Gladiator)       Turns: 9235, Time: 00:16:04

Health: -3/77      AC: 12    Str: 16    XL:     10   Next: 16%
Magic:  10/10      EV: 10    Int:  9    God:    Gozag
Gold:   594        SH: 16    Dex: 19    Spells: 9/9 levels left

rFire   . . .      SeeInvis .   d - +2 whip (distort)
rCold   . . .      Faith    .   B - +0 kite shield
rNeg    . . .      Spirit   .   s - +0 scale mail
rPois   .          Reflect  .   m - +0 helmet
rElec   +          Harm     .   l - +0 cloak
rCorr   +          Rampage  .   h - +0 pair of gloves
Will    .....                   v - +0 pair of boots
Stlth   ..........              (no amulet)
HPRegen 0.22/turn               j - ring "Dikkiy" {Fly rElec rCorr Str-3 Dex+4}
MPRegen 0.24/turn               (no ring)

@: flying, slowed, very slow
A: hooves 1, large bone plates 2, magic regeneration, condensation shield
a: Renounce Religion, Potion Petition, Call Merchant, Bribe Branch


You were on level 7 of the Dungeon.
You worshipped Gozag.
Gozag was pleased with you.
You visited 2 branches of the dungeon, and saw 9 of its levels.

You collected 674 gold pieces.
You paid 80 gold pieces to Gozag.

Inventory:

Hand Weapons
 d - a +2 whip of distortion (weapon)
Missiles
 g - 9 poisoned darts (quivered)
 z - a silver boomerang
Armour
 h - a +0 pair of gloves (worn)
 l - a +0 cloak (worn)
 m - a +0 helmet (worn)
 s - a +0 scale mail (worn)
 v - a +0 pair of boots (worn)
 B - a +0 kite shield (worn)
Jewellery
 j - the ring "Dikkiy" (left hand) {Fly rElec rCorr Str-3 Dex+4}
   (You found it on level 2 of the Dungeon)

   [ring of resist corrosion]

   Str:       It affects your strength (-3).
   Dex:       It affects your dexterity (+4).
   rElec:     It insulates you from electricity.
   Fly:       It grants you flight.
   rCorr:     It protects you from acid and corrosion.
Wands
 x - a wand of polymorph (17)
 E - a wand of digging (7)
Scrolls
 e - 4 scrolls of teleportation
 k - a scroll of immolation {unknown}
 o - 5 scrolls of identify {unknown}
 t - 2 scrolls of fog {unknown}
 y - a scroll of vulnerability {unknown}
 A - a scroll of enchant weapon {unknown}
 D - a scroll of amnesia {unknown}
Potions
 b - a potion of degeneration {unknown}
 c - 4 potions of curing
 f - a potion of magic {unknown}
 i - a potion of invisibility {unknown}
 n - a potion of brilliance
 q - a potion of attraction {unknown}
 r - a potion of haste {unknown}
 u - a potion of cancellation {unknown}
 C - a potion of heal wounds {unknown}


   Skills:
 + Level 6.3 Fighting
 + Level 6.2 Maces & Flails
 + Level 5.7 Throwing
 + Level 5.3 Armour
 + Level 6.1 Dodging
 + Level 3.0 Shields
 + Level 4.7 Evocations


You had 9 spell levels left.
You didn't know any spells.
Your spell library contained the following spells:

 Spells                   Type           Power      Damage    Failure   Level
 Freeze                   Ice            0%         1d3       99%         1
 Corpse Rot               Necr/Air       0%         N/A       100%        2
 Dispel Undead            Necr           0%         3d6       100%        4
 Hailstorm                Conj/Ice       0%         3d3       100%        4
 Ice Form                 Ice/Tmut       0%         N/A       100%        4
 Metabolic Englaciation   Hex/Ice        0%         N/A       100%        5
 Death Channel            Necr           0%         N/A       100%        6
 Simulacrum               Ice/Necr       0%         N/A       100%        6


Dungeon Overview and Level Annotations

Branches:
Dungeon (8/15)             Temple (1/1) D:5
   Lair: D:8-11

Altars:
Gozag
Nemelex Xobeh
Okawaru
Qazlal
Wu Jian
Xom
Zin
The Shining One

Shops:
D:5 =

Annotations:
D:8 Erica
Abyss:1 Maggie


Innate Abilities, Weirdness & Mutations

You have large cloven feet.
You are mostly covered in large bone plates. (SH +6)
You regenerate magic rapidly.
A meltable shield of frost defends you. (SH +0)


Message History

Aim: Erica, wielding a +3 scimitar of flaming, wearing a +2 robe of positive energy and carrying a wand of digging (1) (heavily wounded, 63% to hit, chance to blind on hit: 3%)
You throw an atropa-tipped dart. The atropa-tipped dart hits Erica.
Erica resists.
Erica is heavily wounded.
Erica gestures wildly while chanting.
Erica flickers and vanishes!
Deactivating autopickup; reactivate with Ctrl-A.
You hear some strange, mumbled words.
A bolt of poison appears from out of thin air!
The bolt of poison hits you!!
You are poisoned.
* * * LOW HITPOINT WARNING * * *
You feel better. Something hits you.
* * * LOW HITPOINT WARNING * * *
Something burns you.
* * * LOW HITPOINT WARNING * * *
You hear some strange, mumbled words.
A lance of force appears from out of thin air!
You block the lance of force.
You hear a zap.
You hear a grinding noise.
You hear some strange, mumbled words.
Something tries to affect you, but you resist.
There is a stone staircase leading up here.
Something hits you.
* * * LOW HITPOINT WARNING * * *
Something burns you.
* * * LOW HITPOINT WARNING * * *
You fly upwards.
Reactivating autopickup.
There is a stone staircase leading down here.
You start resting.
You block something's attack.
Deactivating autopickup; reactivate with Ctrl-A.
You hear some strange, mumbled words.
Something tries to affect you, but you resist.
You hear some strange, mumbled words.
You are confused.
You are too confused!
You feel better. Something hits you!
You die...
Your body crumbles into a pile of gold.

#....#.#
#.###........###.#.#....
#....#.# #.#
#).......#..........
'....'.# #.#
#........###.###....
#....#####.###............#
#....
#...(#...........###.######
#....
#..).###.#.####..###+###
#.... ######
#.#.............# #.... #
#.######.{......# #.... #
#.# ###@......# ###.. # #.#
#......(..# #.... # #.#
#.######### #.... #
###'#####.# #.... #
#.......#.# ###.. #
#.......#.# ### #
#.......#.# # #.......#.# #
###'#####.#


There were no monsters in sight!

Vanquished Creatures
  A skeletal warrior (D:7)
  A troll (D:6)
  Sigmund (D:3)
  A wyvern (D:7)
  A steam dragon (D:6)
  Menkaure (D:7)
  A water moccasin (D:6)
  2 sky beasts (D:5)
  A hornet zombie (D:5)
  2 ogres
  A necrophage (D:6)
  2 centaurs (D:7)
  Blork the orc (D:6)
  A water moccasin zombie (D:7)
  7 scorpions
  A wyvern skeleton (D:7)
  A water moccasin skeleton (D:6)
  4 wights
  A vampire bat (D:5)
  A howler monkey (D:5)
  A centaur zombie (D:3)
  An orc priest (D:7)
  A bullfrog skeleton (D:7)
  3 jellies
  3 hounds
  A centaur skeleton (D:4)
  An orc wizard (D:4)
  Robin (D:2)
  4 gnolls (D:5)
  9 adders
  A white imp (D:7)
  A worm (D:4)
  3 dart slugs
  3 fire bats (D:5)
  11 orcs
  2 spectral bats (D:5)
  3 bat skeletons (D:5)
  A bat zombie (D:5)
  6 endoplasms
  3 giant cockroaches
  14 goblins
  9 hobgoblins
  7 kobolds
  4 quokkas
  5 ball pythons
  12 bats
  A bat simulacrum (D:5)
  9 frilled lizards
  3 rats
155 creatures vanquished.

Vanquished Creatures (others)
  8 plants (D:2)
8 creatures vanquished.

Grand Total: 163 creatures vanquished

Notes
Turn   | Place    | Note
-------+----------+-------------------------------------------
     0 | D:1      | flotson the Demonspawn Gladiator began the quest for the
                  | Orb.
     0 | D:1      | Reached XP level 1. HP: 16/16 MP: 1/1
   342 | D:1      | Gained mutation: You are partially covered in large bone
                  | plates. (SH +4) [demonic ancestry]
   342 | D:1      | Reached XP level 2. HP: 22/22 MP: 2/2
   967 | D:2      | Found a faded altar of an unknown god.
   988 | D:2      | Identified the ring "Dikkiy" {Fly rElec rCorr Str-3 Dex+4}
  1081 | D:2      | Gained mutation: A meltable shield of frost defends you.
                  | (SH +0) [demonic ancestry]
  1081 | D:2      | Reached XP level 3. HP: 24/28 MP: 3/3
  1261 | D:2      | Reached skill level 1 in Armour
  1267 | D:2      | Got the Reference Book on Cold
  1488 | D:2      | Noticed Robin
  1738 | D:2      | Killed Robin
  1742 | D:2      | Reached XP level 4. HP: 27/34 MP: 4/4
  2430 | D:3      | Noticed Sigmund
  2454 | D:3      | Gained mutation: You have large cloven feet. [demonic
                  | ancestry]
  2454 | D:3      | Reached XP level 5. HP: 7/41 MP: 5/5
  3009 | D:3      | Killed Sigmund
  3010 | D:3      | Reached XP level 6. HP: 38/47 MP: 6/6
  4236 | D:4      | Gained mutation: You are mostly covered in large bone
                  | plates. (SH +6) [demonic ancestry]
  4236 | D:4      | Reached XP level 7. HP: 53/53 MP: 7/7
  4573 | D:5      | Entered Level 5 of the Dungeon
  4730 | D:5      | Reached skill level 1 in Evocations
  5057 | D:5      | Reached XP level 8. HP: 61/61 MP: 8/8
  5300 | D:5      | Found Xauxkewn's Jewellery Shoppe.
  5480 | D:5      | Found a staircase to the Ecumenical Temple.
  5486 | Temple   | Entered the Ecumenical Temple
  5539 | Temple   | Became a worshipper of Gozag Ym Sagoz the Greedy
  5620 | D:6      | Noticed Maggie
  5630 | D:6      | Banished Maggie
  5631 | D:6      | Reached skill level 5 in Fighting
  5631 | D:6      | Reached skill level 5 in Maces & Flails
  5631 | D:6      | Reached skill level 5 in Dodging
  5811 | D:6      | Noticed a troll
  5829 | D:6      | Killed a troll
  5830 | D:6      | Reached XP level 9. HP: 49/68 MP: 9/9
  5981 | D:6      | Reached skill level 1 in Shields
  6104 | D:6      | HP: 3/68 [poisoned by a water moccasin]
  6439 | D:6      | Found a stormy altar of Qazlal.
  6549 | D:7      | Reached skill level 5 in Throwing
  6582 | D:7      | Noticed a skeletal warrior
  6587 | D:7      | Noticed a skeletal warrior
  6589 | D:7      | HP: 3/68 [skeletal warrior[a skeletal warrior] (21)]
  7457 | D:7      | Noticed Menkaure
  7462 | D:7      | Killed Menkaure
  7553 | D:6      | Noticed Blork the orc
  7734 | D:6      | Found a stormy altar of Qazlal.
  7886 | D:6      | Killed Blork the orc
  8516 | D:7      | HP: 1/69 [skeletal warrior[a skeletal warrior] (9)]
  8518 | D:7      | Killed a skeletal warrior
  8519 | D:7      | Reached skill level 5 in Armour
  8519 | D:7      | Gained mutation: You regenerate magic rapidly. [demonic
                  | ancestry]
  8519 | D:7      | Reached XP level 10. HP: 9/76 MP: 10/10
  8922 | D:7      | Banished a skeletal warrior
  8930 | D:7      | Noticed a skeletal warrior
  8931 | D:7      | Noticed a skeletal warrior
  8931 | D:7      | Noticed a skeletal warrior
  9199 | D:8      | Noticed Erica
  9225 | D:8      | HP: 3/77 [something/bolt of poison (18)]
  9231 | D:8      | HP: 3/77 [something (2)]
  9235 | D:7      | Slain by Erica

Illustrated notes

Levels and vault maps discovered:
D:1:      kennysheep_arrival_forest, layout_basic
D:2:      layout_loops_cross, basic_ecumenical_altar, minivault_24,
          minmay_lizard_king, uniq_robin
D:3:      layout_loops_cross, minmay_misc_feat_cross, serial_park_tiny_pond,
          hangedman_decor_slide_cut, minmay_misc_feat_roman, uniq_sigmund
D:4:      layout_loops_cross, serial_rivers, chequers_serial_rivers_room_a,
          chequers_serial_rivers_micro_e, chequers_serial_rivers_large_a,
          chequers_serial_rivers_small_b, nicolae_zen_rock_garden
D:5:      layout_loops_ring, minmay_temple_entry_fiery, serial_shops,
          nicolae_shop_crystal, goddamned_bats
D:6:      layout_cave_pools, nicolae_qazlal_general_emergency,
          uniq_blork_the_orc, uniq_maggie
D:7:      layout_basic, uniq_menkaure
D:8:      layout_loops_ring, mainiacjoe_overflow_boulevard, enter_ossuary_3,
          nicolae_fountain_basement, uniq_erica, uniq_joseph, uniq_grum
Temple:   hc_temple_tempest_star

Skill      XL: |  1  2  3  4  5  6  7  8  9 10 |
---------------+-------------------------------+-----
Throwing       | 2 3 4 5 |  5.7
Dodging        | 3 4 5 6 |  6.1
Armour         | 1 2 3 4 5 |  5.3
Maces & Flails | 3 4 5 6 |  6.2
Fighting       | 3 4 5 6 |  6.3
Evocations     | 1 3 4 |  4.7
Shields        | 2 3 |  3.0

Action                   |  1- 3 |  4- 6 |  7- 9 | 10-12 || total
-------------------------+-------+-------+-------+-------++-------
Melee: Flail             |   122 |    68 |       |       ||   190
       Whip              |       |    73 |   271 |    16 ||   360
       Kick              |       |    21 |       |       ||    21
Throw: Dart              |       |     3 |       |     2 ||     5
       Throwing net      |       |     3 |     2 |     1 ||     6
       Boomerang         |       |       |     6 |     3 ||     9
Evoke: Wand              |       |       |     6 |     1 ||     7
  Use: Potion            |       |       |     2 |     3 ||     5
       Scroll            |       |       |       |     1 ||     1
Armor: Leather armour    |    13 |       |       |       ||    13
       Ring mail         |    29 |    22 |       |       ||    51
       Scale mail        |       |    10 |    98 |     4 ||   112
Dodge: Dodged            |    66 |    66 |    93 |     3 ||   228
Block: Other             |    38 |    50 |    72 |       ||   160
       Kite shield       |       |       |   127 |    12 ||   139

Table legend: (Time is in decaauts)
 A = Elapsed time spent in this place.
 B = Non-inter-level travel time spent in this place.
 C = Inter-level travel time spent in this place.
 D = Time resting spent in this place.
 E = Time spent auto-exploring this place.
 F = Levels seen in this place.
 G = Mean time per level.
                   A        B        C        D        E       F      G
               +--------+--------+--------+--------+--------+-----+--------+
         Total |   9287 |   8982 |    305 |    854 |   6504 |   9 | 1031.9 |
       Dungeon |   9218 |   8929 |    289 |    854 |   6473 |   8 | 1152.2 |
        Temple |     69 |     53 |     16 |      0 |     31 |   1 |   69.0 |
               +--------+--------+--------+--------+--------+-----+--------+

Top non-repeatable levels by time:
     D:6: 2195 daAuts
     D:3: 1633 daAuts
     D:7: 1400 daAuts
     D:2: 1023 daAuts
     D:4: 980 daAuts
     D:1: 975 daAuts
     D:5: 957 daAuts
  Temple: 69 daAuts
     D:8: 51 daAuts
